[ PARTIDA AOE2 · #476510552 ]
UnrankedVikingos vs Bengalis
Equipo del jugador · DERR
[ ANÁLISIS DE REPETICIÓN · EXTRAÍDO DE LA PARTIDA GRABADA ]
Feudal
8:57
Castillos
20:53
Imperial
—
| APM promedio | 49.7 |
| APM pico | 104 |
| eAPM promedio | 20.4 |
| Aldeanos / militares | 76 / 56 |
Foco
⚔️ 27.1% · 🌾 72.9%
Knight ×38 · Scout Cavalry ×12 · Spearman ×6
Feudal
9:24
Castillos
22:35
Imperial
—
| APM promedio | 87.0 |
| APM pico | 161 |
| eAPM promedio | 36.0 |
| Aldeanos / militares | 69 / 40 |
Foco
⚔️ 53.4% · 🌾 46.6%
Scout Cavalry ×23 · Battle Elephant ×17
Feudal
8:53
Castillos
26:35
Imperial
—
| APM promedio | 67.7 |
| APM pico | 119 |
| eAPM promedio | 21.4 |
| Aldeanos / militares | 68 / 47 |
Foco
⚔️ 37.3% · 🌾 62.7%
Archer ×47
Feudal
11:01
Castillos
—
Imperial
—
| APM promedio | 41.3 |
| APM pico | 89 |
| eAPM promedio | 18.2 |
| Aldeanos / militares | 45 / 0 |
Foco
⚔️ 16.6% · 🌾 83.4%
Unknown (2550) ×21
Feudal
8:51
Castillos
26:17
Imperial
—
| APM promedio | 57.0 |
| APM pico | 100 |
| eAPM promedio | 23.4 |
| Aldeanos / militares | 79 / 88 |
Foco
⚔️ 40.6% · 🌾 59.4%
Archer ×87 · Spearman ×1
Feudal
8:56
Castillos
23:57
Imperial
—
| APM promedio | 68.6 |
| APM pico | 110 |
| eAPM promedio | 30.7 |
| Aldeanos / militares | 64 / 57 |
Foco
⚔️ 30.8% · 🌾 69.2%
Archer ×57
Feudal
8:52
Castillos
26:12
Imperial
—
| APM promedio | 85.4 |
| APM pico | 145 |
| eAPM promedio | 30.9 |
| Aldeanos / militares | 57 / 58 |
Foco
⚔️ 35.8% · 🌾 64.2%
Scout Cavalry ×45 · Spearman ×7 · Knight ×6
Feudal
9:13
Castillos
—
Imperial
—
| APM promedio | 31.9 |
| APM pico | 77 |
| eAPM promedio | 13.2 |
| Aldeanos / militares | 39 / 37 |
Foco
⚔️ 30.8% · 🌾 69.2%
Scout Cavalry ×17 · Skirmisher ×15 · Spearman ×3 · Archer ×2
Mapa de la partida
Recursos iniciales + cada clic de construcción. Líneas = muros · curvas = relieve. ◆ oro · ⬟ piedra · ● bayas · ✦ reliquia · ◌ hueco del cierre
Tu base· Abierta — hueco de 6t
Base de Zionic· ✓ Cerrada en 22:35 · 65t muro · 1 puerta(s)
Base de Thundernips, The Ultimate Gigolo· Abierta — hueco de 12t
Base de 张世豪· Abierta — flanco sin cerrar
Base de 菜就多练· ✓ Cerrada en 26:17 · 32t muro · 1 puerta(s)
Base de Ace_Golden_Horse· ✓ Cerrada en 23:57 · 21t muro · sin puerta
Base de 菜菜虎· Abierta — flanco sin cerrar
Base de 杨吉光· Abierta — hueco de 8t
Terreno inicial suavizado · ◌ = hueco del cierre detectado · pasá el cursor para detalles
Inputs por minuto
— Saraiva - - Zionic
Build order — Saraiva
Primeras 150 de 205 acciones detectadas
| 0:01 | Crear | Villager (Male) |
| 0:01 | Crear | Villager (Male) |
| 0:02 | Crear | Villager (Male) |
| 0:02 | Crear | Villager (Male) |
| 0:02 | Crear | Villager (Male) |
| 0:03 | Construir | House |
| 0:05 | Construir | House |
| 1:35 | Crear | Villager (Male) |
| 1:35 | Crear | Villager (Male) |
| 1:54 | Crear | Villager (Male) |
| 1:54 | Crear | Villager (Male) |
| 2:30 | Construir | Lumber Camp |
| 2:35 | Crear | Villager (Male) |
| 2:35 | Crear | Villager (Male) |
| 2:57 | Crear | Villager (Male) |
| 2:57 | Crear | Villager (Male) |
| 2:57 | Crear | Villager (Male) |
| 3:45 | Crear | Villager (Male) |
| 3:45 | Crear | Villager (Male) |
| 3:45 | Crear | Villager (Male) |
| 3:53 | Construir | House |
| 4:03 | Construir | Palisade Wall |
| 4:05 | Construir | Palisade Wall |
| 4:12 | Crear | Villager (Male) |
| 4:13 | Crear | Villager (Male) |
| 4:33 | Crear | Villager (Male) |
| 4:34 | Crear | Villager (Male) |
| 4:34 | Crear | Villager (Male) |
| 4:42 | Crear | Villager (Male) |
| 4:42 | Crear | Villager (Male) |
| 5:14 | Construir | Mill |
| 5:53 | Crear | Villager (Male) |
| 6:18 | Investigar | Loom |
| 6:47 | Investigar | Feudal Age |
| 6:47 | Investigar | Feudal Age |
| 7:45 | Construir | Barracks |
| 7:48 | Construir | House |
| 8:57 | Edad | Edad Feudal |
| 8:59 | Crear | Villager (Male) |
| 9:03 | Construir | Stable |
| 9:05 | Investigar | Double-Bit Axe |
| 9:07 | Crear | Villager (Male) |
| 9:33 | Construir | House |
| 9:40 | Crear | Villager (Male) |
| 9:48 | Crear | Scout Cavalry |
| 9:49 | Crear | Scout Cavalry |
| 9:49 | Crear | Scout Cavalry |
| 9:50 | Crear | Scout Cavalry |
| 9:57 | Investigar | Horse Collar |
| 9:59 | Crear | Villager (Male) |
| 10:00 | Crear | Villager (Male) |
| 10:08 | Construir | Farm |
| 10:17 | Construir | House |
| 10:28 | Construir | Farm |
| 10:43 | Crear | Scout Cavalry |
| 10:51 | Construir | Farm |
| 10:56 | Construir | House |
| 11:01 | Crear | Villager (Male) |
| 11:05 | Construir | Farm |
| 11:24 | Crear | Villager (Male) |
| 11:26 | Construir | Farm |
| 11:39 | Crear | Villager (Male) |
| 11:43 | Construir | Farm |
| 11:45 | Construir | Farm |
| 11:48 | Crear | Scout Cavalry |
| 11:50 | Construir | House |
| 12:18 | Crear | Villager (Male) |
| 12:21 | Construir | Farm |
| 12:23 | Construir | Farm |
| 12:26 | Construir | Farm |
| 12:30 | Construir | House |
| 12:44 | Crear | Villager (Male) |
| 12:44 | Crear | Villager (Male) |
| 12:44 | Crear | Villager (Male) |
| 12:45 | Crear | Villager (Male) |
| 12:47 | Construir | Farm |
| 12:59 | Crear | Spearman |
| 13:00 | Crear | Spearman |
| 13:11 | Crear | Scout Cavalry |
| 13:11 | Crear | Scout Cavalry |
| 13:15 | Construir | House |
| 13:18 | Construir | House |
| 13:39 | Crear | Scout Cavalry |
| 13:42 | Construir | Farm |
| 13:45 | Construir | Farm |
| 13:47 | Construir | Farm |
| 14:19 | Crear | Villager (Male) |
| 14:19 | Crear | Villager (Male) |
| 14:21 | Construir | Farm |
| 14:23 | Construir | Farm |
| 14:34 | Crear | Spearman |
| 14:34 | Crear | Spearman |
| 14:39 | Construir | House |
| 14:40 | Construir | House |
| 14:45 | Construir | House |
| 14:47 | Construir | House |
| 14:56 | Crear | Villager (Male) |
| 15:17 | Crear | Villager (Male) |
| 15:38 | Construir | Mining Camp |
| 15:43 | Crear | Villager (Male) |
| 15:48 | Crear | Spearman |
| 15:49 | Crear | Spearman |
| 16:18 | Crear | Villager (Male) |
| 16:23 | Construir | Blacksmith |
| 16:34 | Crear | Villager (Male) |
| 16:37 | Construir | Farm |
| 16:45 | Crear | Villager (Male) |
| 16:58 | Construir | House |
| 17:20 | Construir | Stable |
| 17:29 | Crear | Villager (Male) |
| 17:31 | Construir | House |
| 17:33 | Construir | House |
| 17:49 | Investigar | Scale Barding Armor |
| 17:50 | Investigar | Forging |
| 18:13 | Investigar | Castle Age |
| 18:13 | Investigar | Castle Age |
| 18:21 | Construir | Stable |
| 19:06 | Construir | Palisade Wall |
| 19:12 | Construir | Palisade Wall |
| 19:15 | Construir | Palisade Wall |
| 19:32 | Crear | Scout Cavalry |
| 19:32 | Crear | Scout Cavalry |
| 19:33 | Crear | Scout Cavalry |
| 20:42 | Construir | Farm |
| 20:53 | Edad | Edad de los Castillos |
| 20:53 | Investigar | Chain Barding Armor |
| 20:54 | Investigar | Chain Barding Armor |
| 20:55 | Crear | Knight |
| 20:55 | Crear | Knight |
| 20:55 | Crear | Knight |
| 20:56 | Crear | Knight |
| 20:56 | Crear | Knight |
| 20:58 | Crear | Knight |
| 20:59 | Crear | Villager (Male) |
| 21:00 | Crear | Villager (Male) |
| 21:19 | Crear | Knight |
| 21:34 | Crear | Knight |
| 21:45 | Crear | Knight |
| 21:45 | Crear | Knight |
| 21:45 | Crear | Knight |
| 22:13 | Crear | Knight |
| 22:14 | Crear | Villager (Male) |
| 22:14 | Crear | Villager (Male) |
| 22:16 | Construir | Town Center |
| 22:50 | Crear | Knight ×2 |
| 22:50 | Crear | Knight ×2 |
| 22:51 | Crear | Villager (Male) |
| 22:51 | Crear | Villager (Male) |
| 23:08 | Crear | Knight |
| 23:08 | Crear | Knight |
Build order — Zionic
Primeras 150 de 220 acciones detectadas
| 0:01 | Crear | Villager (Male) |
| 0:02 | Construir | House |
| 0:03 | Construir | House |
| 0:12 | Crear | Villager (Male) |
| 0:18 | Crear | Villager (Male) |
| 0:18 | Crear | Villager (Male) |
| 0:19 | Crear | Villager (Male) |
| 1:32 | Construir | Lumber Camp |
| 1:36 | Crear | Villager (Male) |
| 1:36 | Crear | Villager (Male) |
| 1:36 | Crear | Villager (Male) |
| 2:00 | Crear | Villager (Male) |
| 2:16 | Construir | House |
| 2:27 | Crear | Villager (Male) |
| 2:33 | Construir | Palisade Wall |
| 2:44 | Construir | Palisade Wall |
| 2:48 | Construir | Palisade Wall |
| 2:51 | Construir | Palisade Wall |
| 2:53 | Crear | Villager (Male) |
| 2:53 | Crear | Villager (Male) |
| 2:55 | Construir | Palisade Wall |
| 3:04 | Construir | Palisade Wall |
| 3:07 | Construir | Palisade Wall |
| 3:14 | Construir | Palisade Wall |
| 3:16 | Construir | Palisade Wall |
| 3:20 | Construir | Palisade Wall |
| 3:25 | Construir | Palisade Wall |
| 3:25 | Crear | Villager (Male) |
| 3:25 | Crear | Villager (Male) |
| 3:29 | Construir | Palisade Wall |
| 3:31 | Construir | Palisade Wall |
| 3:34 | Construir | Palisade Wall |
| 3:37 | Construir | Palisade Wall |
| 3:39 | Construir | Palisade Wall |
| 3:41 | Construir | Palisade Wall |
| 3:43 | Construir | Palisade Wall |
| 3:45 | Crear | Villager (Male) |
| 3:46 | Crear | Villager (Male) |
| 3:47 | Construir | Palisade Wall |
| 3:49 | Construir | Palisade Wall |
| 3:52 | Construir | Palisade Wall |
| 3:55 | Construir | Palisade Wall |
| 4:05 | Crear | Villager (Male) |
| 4:06 | Crear | Villager (Male) |
| 4:28 | Crear | Villager (Male) |
| 4:29 | Crear | Villager (Male) |
| 4:41 | Crear | Villager (Male) |
| 4:53 | Crear | Villager (Male) |
| 5:15 | Construir | Mill |
| 5:51 | Crear | Villager (Male) |
| 6:23 | Crear | Villager (Male) |
| 6:49 | Investigar | Loom |
| 7:07 | Investigar | Feudal Age |
| 7:42 | Construir | House |
| 7:45 | Construir | House |
| 8:02 | Construir | Lumber Camp |
| 8:35 | Construir | Barracks |
| 9:12 | Construir | House |
| 9:21 | Crear | Villager (Male) |
| 9:24 | Edad | Edad Feudal |
| 9:37 | Construir | Stable |
| 9:43 | Crear | Villager (Male) |
| 9:53 | Construir | House |
| 10:00 | Investigar | Double-Bit Axe |
| 10:03 | Crear | Villager (Male) |
| 10:08 | Crear | Villager (Male) |
| 10:18 | Construir | Palisade Wall |
| 10:29 | Crear | Scout Cavalry |
| 10:31 | Investigar | Horse Collar |
| 10:45 | Crear | Scout Cavalry |
| 10:52 | Construir | House |
| 10:55 | Crear | Villager (Male) |
| 10:56 | Crear | Villager (Male) |
| 11:01 | Construir | House |
| 11:04 | Construir | Palisade Wall |
| 11:06 | Construir | Palisade Wall |
| 11:07 | Crear | Villager (Male) |
| 11:20 | Construir | Palisade Wall |
| 11:26 | Construir | House |
| 11:28 | Construir | Palisade Wall |
| 11:31 | Construir | House |
| 11:32 | Crear | Scout Cavalry |
| 11:40 | Construir | Farm |
| 11:45 | Construir | Farm |
| 11:53 | Crear | Scout Cavalry |
| 12:11 | Crear | Villager (Male) |
| 12:18 | Construir | Farm |
| 12:19 | Construir | Farm |
| 12:25 | Construir | House |
| 12:29 | Construir | Palisade Wall |
| 12:31 | Crear | Scout Cavalry |
| 12:37 | Construir | Farm |
| 12:41 | Crear | Villager (Male) |
| 12:54 | Construir | Farm |
| 12:57 | Crear | Villager (Male) |
| 13:00 | Crear | Scout Cavalry |
| 13:15 | Construir | Farm |
| 13:36 | Crear | Villager (Male) |
| 13:39 | Crear | Scout Cavalry |
| 13:52 | Construir | Blacksmith |
| 13:55 | Crear | Scout Cavalry |
| 14:02 | Construir | Farm |
| 14:05 | Crear | Villager (Male) |
| 14:20 | Crear | Villager (Male) |
| 14:23 | Crear | Scout Cavalry |
| 14:34 | Construir | Farm |
| 14:38 | Investigar | Bloodlines |
| 14:45 | Construir | Farm |
| 14:49 | Crear | Villager (Male) |
| 14:57 | Construir | Farm |
| 15:20 | Crear | Villager (Male) |
| 15:25 | Construir | Farm |
| 15:26 | Construir | Farm |
| 15:33 | Crear | Scout Cavalry |
| 15:46 | Investigar | Scale Barding Armor |
| 15:47 | Construir | Farm |
| 15:48 | Construir | Farm |
| 15:54 | Crear | Villager (Male) |
| 16:02 | Construir | Farm |
| 16:03 | Construir | Farm |
| 16:07 | Construir | House |
| 16:15 | Crear | Villager (Male) |
| 16:23 | Crear | Scout Cavalry |
| 16:26 | Construir | Farm |
| 16:37 | Construir | Farm |
| 16:40 | Construir | Farm |
| 16:42 | Crear | Villager (Male) |
| 16:52 | Construir | Farm |
| 16:55 | Crear | Scout Cavalry |
| 16:58 | Construir | Farm |
| 17:14 | Investigar | Wheelbarrow |
| 17:32 | Crear | Scout Cavalry |
| 17:54 | Crear | Scout Cavalry |
| 18:14 | Construir | Mining Camp |
| 18:25 | Crear | Villager (Male) |
| 18:29 | Construir | House |
| 18:34 | Construir | Stable |
| 18:50 | Crear | Villager (Male) |
| 19:00 | Construir | Farm |
| 19:12 | Crear | Villager (Male) |
| 19:55 | Investigar | Castle Age |
| 19:55 | Investigar | Castle Age |
| 20:16 | Construir | Palisade Gate |
| 20:20 | Crear | Scout Cavalry |
| 20:33 | Crear | Scout Cavalry |
| 20:42 | Crear | Scout Cavalry |
| 21:02 | Investigar | Forging |
| 21:02 | Investigar | Forging |
| 21:08 | Crear | Scout Cavalry |
| 21:17 | Crear | Scout Cavalry |
Build order — Thundernips, The Ultimate Gigolo
Primeras 150 de 194 acciones detectadas
| 0:00 | Crear | Villager (Male) |
| 0:00 | Crear | Villager (Male) |
| 0:00 | Crear | Villager (Male) |
| 0:00 | Crear | Villager (Male) |
| 0:02 | Construir | House |
| 0:03 | Construir | House |
| 1:22 | Crear | Villager (Male) |
| 1:26 | Construir | Mill |
| 1:46 | Construir | Mill |
| 2:06 | Crear | Villager (Male) |
| 2:06 | Crear | Villager (Male) |
| 2:26 | Crear | Villager (Male) |
| 2:42 | Crear | Villager (Male) |
| 3:07 | Construir | Lumber Camp |
| 3:16 | Crear | Villager (Male) |
| 3:40 | Crear | Villager (Male) |
| 4:00 | Crear | Villager (Male) |
| 4:00 | Crear | Villager (Male) |
| 4:12 | Construir | House |
| 4:29 | Crear | Villager (Male) |
| 4:31 | Crear | Villager (Male) |
| 5:16 | Crear | Villager (Male) |
| 5:21 | Crear | Villager (Male) |
| 5:48 | Crear | Villager (Male) |
| 5:49 | Crear | Villager (Male) |
| 5:56 | Investigar | Loom |
| 6:41 | Investigar | Feudal Age |
| 7:30 | Construir | Barracks |
| 8:13 | Construir | House |
| 8:52 | Crear | Villager (Male) |
| 8:53 | Edad | Edad Feudal |
| 8:55 | Construir | Archery Range |
| 9:13 | Crear | Villager (Male) |
| 9:23 | Construir | Palisade Wall |
| 9:23 | Crear | Villager (Male) |
| 9:26 | Construir | Palisade Wall |
| 9:35 | Construir | Palisade Wall |
| 9:37 | Crear | Villager (Male) |
| 9:45 | Crear | Villager (Male) |
| 9:52 | Construir | Palisade Wall |
| 9:54 | Crear | Archer |
| 10:13 | Construir | Palisade Wall |
| 10:17 | Construir | Palisade Wall |
| 10:24 | Construir | Archery Range |
| 10:25 | Crear | Villager (Male) |
| 10:30 | Crear | Villager (Male) |
| 10:46 | Construir | Mining Camp |
| 10:53 | Crear | Villager (Male) |
| 11:06 | Construir | House |
| 11:17 | Crear | Villager (Male) |
| 11:33 | Crear | Villager (Male) |
| 11:33 | Crear | Villager (Male) |
| 11:41 | Crear | Villager (Male) |
| 11:43 | Construir | Blacksmith |
| 11:43 | Crear | Villager (Male) |
| 11:45 | Crear | Archer |
| 12:01 | Crear | Archer |
| 12:01 | Crear | Archer |
| 12:03 | Crear | Villager (Male) |
| 12:17 | Crear | Archer |
| 12:23 | Investigar | Gold Mining |
| 12:26 | Crear | Archer |
| 12:32 | Construir | House |
| 12:43 | Construir | Palisade Gate |
| 12:46 | Crear | Villager (Male) |
| 12:50 | Crear | Villager (Male) |
| 12:53 | Crear | Archer |
| 12:59 | Investigar | Fletching |
| 13:01 | Crear | Villager (Male) |
| 13:19 | Crear | Archer |
| 13:20 | Crear | Archer |
| 13:20 | Crear | Archer |
| 13:38 | Crear | Archer |
| 13:57 | Construir | House |
| 13:58 | Construir | House |
| 13:58 | Construir | House |
| 14:10 | Construir | House |
| 14:11 | Construir | House |
| 14:26 | Investigar | Town Watch |
| 14:50 | Crear | Villager (Male) |
| 14:54 | Crear | Archer |
| 14:54 | Crear | Archer |
| 14:54 | Crear | Archer |
| 14:56 | Crear | Villager (Male) |
| 14:57 | Crear | Villager (Male) |
| 15:01 | Construir | Palisade Wall |
| 15:06 | Construir | Palisade Wall |
| 15:23 | Crear | Villager (Male) |
| 15:33 | Construir | House |
| 15:44 | Crear | Archer |
| 15:44 | Crear | Archer |
| 15:44 | Crear | Archer |
| 15:49 | Investigar | Padded Archer Armor |
| 16:01 | Crear | Archer |
| 16:01 | Crear | Archer |
| 16:05 | Crear | Villager (Male) |
| 16:35 | Crear | Villager (Male) |
| 16:37 | Construir | Farm |
| 16:37 | Construir | Farm |
| 16:40 | Crear | Villager (Male) |
| 17:04 | Construir | Palisade Wall |
| 17:22 | Crear | Villager (Male) |
| 17:23 | Crear | Villager (Male) |
| 17:23 | Crear | Archer |
| 17:23 | Crear | Archer |
| 17:23 | Crear | Archer |
| 17:33 | Crear | Villager (Male) |
| 18:35 | Crear | Villager (Male) |
| 18:45 | Crear | Archer |
| 18:46 | Crear | Archer |
| 18:46 | Crear | Archer |
| 18:46 | Crear | Archer |
| 19:20 | Crear | Villager (Male) |
| 19:20 | Crear | Villager (Male) |
| 19:22 | Construir | Farm |
| 19:23 | Construir | Farm |
| 19:23 | Construir | Farm |
| 19:25 | Crear | Villager (Male) |
| 19:28 | Construir | Palisade Wall |
| 19:31 | Crear | Archer |
| 19:34 | Crear | Villager (Male) |
| 19:35 | Construir | Lumber Camp |
| 19:37 | Crear | Villager (Male) |
| 19:49 | Construir | Lumber Camp |
| 19:51 | Crear | Villager (Male) |
| 20:13 | Crear | Villager (Male) |
| 20:17 | Construir | House |
| 20:22 | Crear | Villager (Male) |
| 20:26 | Construir | Farm |
| 20:33 | Crear | Archer |
| 20:33 | Crear | Archer |
| 20:50 | Construir | Farm |
| 20:50 | Crear | Villager (Male) |
| 20:59 | Construir | Palisade Wall |
| 21:01 | Crear | Villager (Male) |
| 21:02 | Crear | Archer |
| 21:02 | Crear | Archer |
| 21:12 | Crear | Villager (Male) |
| 21:20 | Crear | Villager (Male) |
| 21:36 | Crear | Villager (Male) |
| 21:37 | Construir | Farm |
| 21:37 | Crear | Villager (Male) |
| 21:40 | Construir | Farm |
| 21:43 | Crear | Archer |
| 21:43 | Crear | Archer |
| 21:48 | Investigar | Double-Bit Axe |
| 21:48 | Investigar | Double-Bit Axe |
| 21:50 | Crear | Villager (Male) |
| 22:15 | Crear | Archer |
| 22:15 | Crear | Archer |
Build order — 张世豪
118 acciones detectadas en el replay
| 0:04 | Construir | House |
| 0:06 | Construir | House |
| 0:06 | Crear | Villager (Male) |
| 0:14 | Crear | Villager (Male) |
| 0:14 | Crear | Villager (Male) |
| 0:15 | Crear | Villager (Male) |
| 1:30 | Crear | Villager (Male) |
| 1:30 | Crear | Villager (Male) |
| 2:04 | Crear | Villager (Male) |
| 2:04 | Crear | Villager (Male) |
| 2:04 | Crear | Villager (Male) |
| 2:26 | Construir | Settlement |
| 2:28 | Crear | Villager (Male) |
| 2:29 | Crear | Villager (Male) |
| 2:57 | Crear | Villager (Male) |
| 2:57 | Crear | Villager (Male) |
| 3:33 | Crear | Villager (Male) |
| 3:34 | Crear | Villager (Male) |
| 3:34 | Crear | Villager (Male) |
| 4:00 | Crear | Villager (Male) |
| 4:00 | Crear | Villager (Male) |
| 4:35 | Crear | Villager (Male) |
| 4:35 | Crear | Villager (Male) |
| 4:36 | Crear | Villager (Male) |
| 4:36 | Crear | Villager (Male) |
| 5:20 | Crear | Villager (Male) |
| 5:34 | Crear | Villager (Male) |
| 5:38 | Construir | Settlement |
| 6:13 | Crear | Villager (Male) |
| 6:14 | Crear | Villager (Male) |
| 6:14 | Crear | Villager (Male) |
| 6:14 | Crear | Villager (Male) |
| 7:03 | Crear | Villager (Male) |
| 7:03 | Crear | Villager (Male) |
| 7:04 | Crear | Villager (Male) |
| 7:18 | Construir | House |
| 7:34 | Investigar | Loom |
| 8:51 | Investigar | Feudal Age |
| 8:52 | Investigar | Feudal Age |
| 9:13 | Construir | Barracks |
| 9:20 | Construir | Barracks |
| 9:30 | Construir | Palisade Wall |
| 9:45 | Crear | Villager (Male) |
| 10:25 | Construir | Palisade Wall |
| 10:38 | Construir | House |
| 10:44 | Construir | Palisade Wall |
| 11:01 | Edad | Edad Feudal |
| 11:09 | Crear | Unit 2550 |
| 11:11 | Crear | Villager (Male) |
| 11:42 | Crear | Villager (Male) |
| 11:45 | Crear | Unit 2550 |
| 12:05 | Crear | Villager (Male) |
| 12:16 | Construir | Blacksmith |
| 12:20 | Construir | House |
| 12:22 | Crear | Villager (Male) |
| 12:29 | Investigar | Tech 1402 |
| 12:35 | Crear | Villager (Male) |
| 12:49 | Crear | Unit 2550 |
| 13:11 | Crear | Unit 2550 |
| 13:19 | Crear | Unit 2550 |
| 13:36 | Investigar | Scale Mail Armor |
| 13:36 | Investigar | Scale Mail Armor |
| 13:37 | Investigar | Forging |
| 13:39 | Construir | House |
| 13:43 | Construir | Settlement |
| 13:51 | Crear | Villager (Male) |
| 13:51 | Crear | Villager (Male) |
| 13:52 | Crear | Villager (Male) |
| 14:11 | Crear | Unit 2550 |
| 14:27 | Crear | Unit 2550 |
| 14:58 | Crear | Villager (Male) |
| 15:04 | Construir | House |
| 15:06 | Construir | Farm |
| 15:09 | Construir | Farm |
| 15:10 | Construir | Farm |
| 15:13 | Construir | Farm |
| 15:43 | Crear | Villager (Male) |
| 15:56 | Crear | Villager (Male) |
| 15:58 | Crear | Unit 2550 |
| 16:00 | Investigar | Arson |
| 16:07 | Crear | Unit 2550 |
| 16:22 | Construir | Barracks |
| 16:25 | Construir | House |
| 16:44 | Construir | Barracks |
| 16:53 | Crear | Unit 2550 |
| 17:40 | Crear | Unit 2550 |
| 18:04 | Crear | Unit 2550 |
| 18:19 | Crear | Unit 2550 |
| 18:20 | Crear | Unit 2550 |
| 18:32 | Crear | Unit 2550 |
| 18:50 | Crear | Unit 2550 |
| 19:09 | Crear | Unit 2550 |
| 19:23 | Crear | Unit 2550 |
| 19:35 | Crear | Villager (Male) |
| 19:40 | Construir | Farm |
| 19:43 | Construir | Farm |
| 19:45 | Crear | Villager (Male) |
| 20:02 | Crear | Unit 2550 |
| 20:09 | Construir | Farm |
| 20:12 | Construir | Farm |
| 20:15 | Construir | Farm |
| 20:18 | Construir | Farm |
| 20:20 | Construir | Farm |
| 20:31 | Construir | Farm |
| 20:42 | Crear | Unit 2550 |
| 21:06 | Investigar | Double-Bit Axe |
| 21:06 | Investigar | Double-Bit Axe |
| 21:14 | Construir | Farm |
| 21:21 | Construir | House |
| 21:36 | Crear | Unit 2550 |
| 22:51 | Construir | Farm |
| 22:54 | Construir | Farm |
| 22:56 | Investigar | Horse Collar |
| 23:51 | Construir | House |
| 23:55 | Construir | Market |
| 24:09 | Construir | Farm |
| 25:06 | Investigar | Castle Age |
| 25:06 | Investigar | Castle Age |
Build order — 菜就多练
Primeras 150 de 249 acciones detectadas
| 0:01 | Crear | Villager (Male) |
| 0:01 | Crear | Villager (Male) |
| 0:03 | Construir | House |
| 0:04 | Construir | House |
| 0:07 | Crear | Villager (Male) |
| 0:07 | Crear | Villager (Male) |
| 0:08 | Crear | Villager (Male) |
| 0:08 | Crear | Villager (Male) |
| 1:27 | Crear | Villager (Male) |
| 1:27 | Crear | Villager (Male) |
| 1:27 | Crear | Villager (Male) |
| 1:40 | Construir | Mill |
| 2:03 | Crear | Villager (Male) |
| 2:03 | Crear | Villager (Male) |
| 2:26 | Crear | Villager (Male) |
| 2:26 | Crear | Villager (Male) |
| 2:26 | Crear | Villager (Male) |
| 2:48 | Crear | Villager (Male) |
| 2:48 | Crear | Villager (Male) |
| 3:11 | Crear | Villager (Male) |
| 3:11 | Crear | Villager (Male) |
| 3:25 | Construir | House |
| 3:37 | Crear | Villager (Male) |
| 3:37 | Crear | Villager (Male) |
| 3:50 | Crear | Villager (Male) |
| 3:50 | Crear | Villager (Male) |
| 3:50 | Crear | Villager (Male) |
| 4:15 | Crear | Villager (Male) |
| 4:15 | Crear | Villager (Male) |
| 4:15 | Crear | Villager (Male) |
| 4:34 | Crear | Villager (Male) |
| 4:34 | Crear | Villager (Male) |
| 4:49 | Crear | Villager (Male) |
| 5:01 | Crear | Villager (Male) |
| 5:01 | Crear | Villager (Male) |
| 5:01 | Crear | Villager (Male) |
| 5:01 | Crear | Villager (Male) |
| 5:45 | Investigar | Loom |
| 5:58 | Construir | Lumber Camp |
| 6:26 | Investigar | Feudal Age |
| 6:26 | Investigar | Feudal Age |
| 7:11 | Construir | Mining Camp |
| 7:54 | Construir | Barracks |
| 8:11 | Construir | House |
| 8:13 | Crear | Villager (Male) |
| 8:48 | Crear | Villager (Male) |
| 8:51 | Edad | Edad Feudal |
| 8:54 | Construir | Archery Range |
| 9:22 | Crear | Villager (Male) |
| 9:32 | Construir | Archery Range |
| 9:46 | Construir | Palisade Wall |
| 9:52 | Crear | Villager (Male) |
| 10:05 | Crear | Archer |
| 10:20 | Construir | Palisade Gate |
| 10:35 | Construir | Blacksmith |
| 10:36 | Crear | Archer |
| 10:36 | Crear | Archer |
| 10:37 | Crear | Villager (Male) |
| 10:43 | Crear | Archer |
| 10:50 | Construir | Palisade Wall |
| 10:51 | Construir | Palisade Wall |
| 10:59 | Construir | House |
| 11:30 | Construir | House |
| 11:35 | Crear | Villager (Male) |
| 11:48 | Crear | Archer |
| 12:15 | Construir | Mill |
| 12:25 | Investigar | Fletching |
| 12:25 | Investigar | Fletching |
| 12:25 | Investigar | Fletching |
| 12:32 | Crear | Villager (Male) |
| 12:32 | Crear | Villager (Male) |
| 12:35 | Crear | Archer |
| 12:36 | Crear | Archer |
| 12:46 | Construir | House |
| 13:11 | Crear | Archer |
| 13:11 | Crear | Archer |
| 13:13 | Crear | Villager (Male) |
| 13:29 | Crear | Villager (Male) |
| 13:30 | Crear | Archer |
| 13:30 | Crear | Archer |
| 13:40 | Crear | Archer |
| 13:51 | Crear | Villager (Male) |
| 14:11 | Construir | Archery Range |
| 14:15 | Crear | Archer |
| 14:22 | Crear | Villager (Male) |
| 14:33 | Investigar | Padded Archer Armor |
| 14:33 | Investigar | Padded Archer Armor |
| 14:36 | Crear | Archer |
| 14:36 | Crear | Archer |
| 14:39 | Crear | Villager (Male) |
| 14:51 | Crear | Archer |
| 15:01 | Construir | House |
| 15:02 | Construir | House |
| 15:05 | Crear | Archer |
| 15:05 | Crear | Archer |
| 15:27 | Crear | Archer |
| 15:29 | Crear | Villager (Male) |
| 15:51 | Crear | Villager (Male) |
| 15:52 | Crear | Archer |
| 15:54 | Crear | Villager (Male) |
| 16:05 | Construir | Farm |
| 16:05 | Construir | Farm |
| 16:05 | Construir | Farm |
| 16:13 | Crear | Villager (Male) |
| 16:14 | Crear | Archer |
| 16:14 | Crear | Archer |
| 16:14 | Crear | Archer |
| 16:25 | Construir | Palisade Wall |
| 16:27 | Crear | Archer |
| 16:28 | Crear | Archer |
| 16:45 | Crear | Archer |
| 16:57 | Crear | Villager (Male) |
| 17:14 | Crear | Archer |
| 17:20 | Crear | Archer |
| 17:37 | Crear | Archer |
| 17:55 | Crear | Archer |
| 17:55 | Crear | Archer |
| 17:57 | Crear | Villager (Male) |
| 18:07 | Crear | Villager (Male) |
| 18:10 | Construir | Farm |
| 18:11 | Crear | Archer |
| 18:12 | Crear | Archer |
| 18:14 | Crear | Archer |
| 18:15 | Crear | Archer |
| 18:18 | Construir | Farm |
| 18:19 | Construir | Farm |
| 18:19 | Construir | Farm |
| 18:29 | Construir | House |
| 18:34 | Construir | Farm |
| 18:36 | Crear | Archer |
| 18:36 | Crear | Archer |
| 18:41 | Crear | Villager (Male) |
| 18:41 | Crear | Villager (Male) |
| 18:52 | Construir | House |
| 18:57 | Construir | Farm |
| 19:16 | Crear | Archer |
| 19:25 | Crear | Archer |
| 19:26 | Crear | Archer |
| 19:33 | Crear | Villager (Male) |
| 19:36 | Construir | Lumber Camp |
| 19:36 | Crear | Archer |
| 19:43 | Construir | House |
| 19:47 | Investigar | Double-Bit Axe |
| 19:47 | Investigar | Double-Bit Axe |
| 19:47 | Investigar | Double-Bit Axe |
| 20:02 | Crear | Villager (Male) |
| 20:04 | Construir | Farm |
| 20:05 | Crear | Archer |
| 20:10 | Crear | Villager (Male) |
| 20:13 | Construir | House |
Build order — Ace_Golden_Horse
Primeras 150 de 197 acciones detectadas
| 0:01 | Crear | Villager (Male) |
| 0:02 | Construir | House |
| 0:03 | Construir | House |
| 0:05 | Crear | Villager (Male) |
| 0:08 | Crear | Villager (Male) |
| 0:11 | Crear | Villager (Male) |
| 1:10 | Crear | Villager (Male) |
| 1:29 | Crear | Villager (Male) |
| 1:48 | Construir | Lumber Camp |
| 2:07 | Crear | Villager (Male) |
| 2:07 | Crear | Villager (Male) |
| 2:32 | Crear | Villager (Male) |
| 2:40 | Crear | Villager (Male) |
| 3:03 | Crear | Villager (Male) |
| 3:41 | Crear | Villager (Male) |
| 3:50 | Construir | House |
| 4:02 | Crear | Villager (Male) |
| 4:14 | Crear | Villager (Male) |
| 4:16 | Investigar | Loom |
| 4:37 | Construir | Mining Camp |
| 4:40 | Crear | Villager (Male) |
| 5:03 | Crear | Villager (Male) |
| 5:16 | Crear | Villager (Male) |
| 5:55 | Investigar | Loom |
| 6:46 | Investigar | Feudal Age |
| 7:27 | Construir | Barracks |
| 7:37 | Construir | House |
| 7:39 | Construir | House |
| 7:55 | Crear | Villager (Male) |
| 8:56 | Edad | Edad Feudal |
| 9:00 | Construir | Archery Range |
| 9:03 | Investigar | Double-Bit Axe |
| 9:03 | Investigar | Double-Bit Axe |
| 9:07 | Crear | Villager (Male) |
| 9:31 | Crear | Villager (Male) |
| 9:46 | Construir | Archery Range |
| 10:04 | Construir | House |
| 10:06 | Crear | Villager (Male) |
| 10:17 | Crear | Archer |
| 10:20 | Construir | House |
| 10:31 | Crear | Villager (Male) |
| 10:39 | Crear | Archer |
| 10:45 | Crear | Archer |
| 10:50 | Crear | Villager (Male) |
| 10:56 | Construir | Mill |
| 11:12 | Crear | Villager (Male) |
| 11:18 | Crear | Archer |
| 11:27 | Construir | House |
| 11:41 | Crear | Villager (Male) |
| 11:53 | Crear | Archer |
| 11:54 | Crear | Archer |
| 12:07 | Crear | Villager (Male) |
| 12:21 | Construir | Blacksmith |
| 12:35 | Crear | Archer |
| 12:36 | Crear | Villager (Male) |
| 12:41 | Construir | Palisade Wall |
| 12:45 | Crear | Archer |
| 12:53 | Crear | Villager (Male) |
| 12:59 | Construir | Farm |
| 13:09 | Investigar | Fletching |
| 13:11 | Crear | Archer |
| 13:16 | Crear | Villager (Male) |
| 13:26 | Crear | Villager (Male) |
| 13:30 | Construir | Farm |
| 13:35 | Crear | Archer |
| 13:50 | Crear | Archer |
| 14:06 | Construir | Farm |
| 14:07 | Crear | Villager (Male) |
| 14:09 | Construir | Farm |
| 14:24 | Crear | Archer |
| 14:29 | Construir | House |
| 14:32 | Crear | Villager (Male) |
| 14:37 | Crear | Archer |
| 14:45 | Construir | Farm |
| 14:51 | Construir | Palisade Wall |
| 14:57 | Crear | Archer |
| 14:59 | Crear | Villager (Male) |
| 15:01 | Construir | House |
| 15:11 | Investigar | Padded Archer Armor |
| 15:15 | Crear | Archer |
| 15:48 | Crear | Villager (Male) |
| 15:49 | Crear | Archer |
| 16:01 | Crear | Archer |
| 16:08 | Construir | Palisade Wall |
| 16:15 | Construir | House |
| 16:18 | Crear | Archer |
| 16:19 | Crear | Villager (Male) |
| 16:23 | Crear | Archer |
| 16:25 | Construir | Farm |
| 16:28 | Construir | Farm |
| 16:28 | Construir | Farm |
| 16:30 | Crear | Villager (Male) |
| 16:37 | Construir | Farm |
| 16:57 | Crear | Archer |
| 17:00 | Construir | House |
| 17:12 | Crear | Archer |
| 17:13 | Crear | Villager (Male) |
| 17:21 | Crear | Archer |
| 17:41 | Crear | Villager (Male) |
| 18:06 | Crear | Archer |
| 18:07 | Crear | Villager (Male) |
| 18:09 | Crear | Archer |
| 18:12 | Crear | Villager (Male) |
| 18:15 | Construir | House |
| 18:18 | Construir | Farm |
| 18:19 | Construir | Farm |
| 18:19 | Construir | Farm |
| 18:20 | Construir | Farm |
| 18:23 | Crear | Archer |
| 18:44 | Construir | Palisade Wall |
| 18:51 | Crear | Archer |
| 18:51 | Crear | Villager (Male) |
| 18:56 | Investigar | Gold Mining |
| 18:59 | Crear | Villager (Male) |
| 19:21 | Crear | Villager (Male) |
| 19:27 | Crear | Archer |
| 19:28 | Crear | Archer |
| 19:40 | Crear | Archer |
| 19:45 | Construir | Lumber Camp |
| 19:48 | Construir | House |
| 19:49 | Construir | House |
| 19:50 | Construir | House |
| 19:57 | Crear | Archer |
| 20:01 | Crear | Archer |
| 20:12 | Crear | Villager (Male) |
| 20:21 | Crear | Archer |
| 20:31 | Crear | Villager (Male) |
| 20:56 | Construir | House |
| 21:17 | Investigar | Castle Age |
| 21:21 | Crear | Archer |
| 21:26 | Construir | Archery Range |
| 21:54 | Crear | Archer |
| 21:56 | Crear | Archer |
| 22:01 | Crear | Archer |
| 22:05 | Crear | Villager (Male) |
| 22:29 | Construir | Farm |
| 22:30 | Construir | Farm |
| 22:35 | Construir | Lumber Camp |
| 22:42 | Crear | Archer |
| 22:47 | Crear | Archer |
| 22:51 | Investigar | Horse Collar |
| 23:00 | Crear | Archer |
| 23:15 | Crear | Archer |
| 23:18 | Crear | Archer |
| 23:21 | Crear | Archer |
| 23:24 | Crear | Archer |
| 23:35 | Crear | Archer |
| 23:49 | Crear | Archer |
| 23:56 | Crear | Archer |
| 23:57 | Edad | Edad de los Castillos |
Build order — 菜菜虎
Primeras 150 de 184 acciones detectadas
| 0:02 | Crear | Villager (Male) |
| 0:03 | Crear | Villager (Male) |
| 0:04 | Construir | House |
| 0:05 | Construir | House |
| 0:11 | Crear | Villager (Male) |
| 0:11 | Crear | Villager (Male) |
| 0:12 | Crear | Villager (Male) |
| 1:34 | Construir | House |
| 1:41 | Crear | Villager (Male) |
| 1:41 | Crear | Villager (Male) |
| 1:50 | Crear | Villager (Male) |
| 2:20 | Construir | Lumber Camp |
| 2:26 | Crear | Villager (Male) |
| 2:51 | Crear | Villager (Male) |
| 2:51 | Crear | Villager (Male) |
| 2:52 | Crear | Villager (Male) |
| 3:02 | Construir | House |
| 3:28 | Crear | Villager (Male) |
| 3:29 | Crear | Villager (Male) |
| 3:52 | Crear | Villager (Male) |
| 3:52 | Crear | Villager (Male) |
| 4:39 | Construir | Mill |
| 4:48 | Crear | Villager (Male) |
| 4:48 | Crear | Villager (Male) |
| 5:07 | Crear | Villager (Male) |
| 5:07 | Crear | Villager (Male) |
| 5:10 | Crear | Villager (Male) |
| 5:24 | Crear | Villager (Male) |
| 5:44 | Investigar | Loom |
| 6:41 | Investigar | Feudal Age |
| 7:18 | Construir | Barracks |
| 8:02 | Crear | Villager (Male) |
| 8:52 | Edad | Edad Feudal |
| 8:55 | Construir | Stable |
| 8:59 | Investigar | Double-Bit Axe |
| 8:59 | Investigar | Horse Collar |
| 8:59 | Investigar | Horse Collar |
| 9:06 | Crear | Villager (Male) |
| 9:30 | Crear | Villager (Male) |
| 9:39 | Crear | Scout Cavalry |
| 9:39 | Crear | Scout Cavalry |
| 9:46 | Construir | House |
| 10:00 | Construir | Mill |
| 10:04 | Crear | Villager (Male) |
| 10:05 | Crear | Villager (Male) |
| 10:07 | Crear | Scout Cavalry |
| 10:32 | Crear | Scout Cavalry |
| 10:48 | Construir | Farm |
| 10:52 | Construir | Farm |
| 11:03 | Crear | Villager (Male) |
| 11:05 | Construir | Farm |
| 11:07 | Crear | Scout Cavalry |
| 11:07 | Crear | Scout Cavalry |
| 11:11 | Construir | Farm |
| 11:16 | Crear | Scout Cavalry |
| 11:49 | Crear | Villager (Male) |
| 11:53 | Construir | Farm |
| 12:05 | Crear | Scout Cavalry |
| 12:06 | Crear | Villager (Male) |
| 12:16 | Crear | Villager (Male) |
| 12:22 | Construir | Farm |
| 12:23 | Construir | Farm |
| 12:24 | Construir | Farm |
| 12:27 | Crear | Scout Cavalry |
| 12:35 | Crear | Villager (Male) |
| 12:37 | Construir | House |
| 12:42 | Crear | Scout Cavalry |
| 13:02 | Crear | Villager (Male) |
| 13:29 | Crear | Scout Cavalry |
| 13:30 | Crear | Villager (Male) |
| 13:42 | Construir | Blacksmith |
| 14:03 | Crear | Villager (Male) |
| 14:05 | Construir | Farm |
| 14:11 | Crear | Scout Cavalry |
| 14:29 | Crear | Scout Cavalry |
| 14:31 | Crear | Villager (Male) |
| 14:33 | Construir | Mining Camp |
| 14:49 | Construir | House |
| 14:49 | Construir | House |
| 14:58 | Investigar | Scale Barding Armor |
| 15:00 | Crear | Villager (Male) |
| 15:01 | Crear | Villager (Male) |
| 15:03 | Construir | House |
| 15:04 | Construir | House |
| 15:05 | Construir | House |
| 15:54 | Investigar | Forging |
| 15:54 | Investigar | Forging |
| 15:54 | Crear | Villager (Male) |
| 16:04 | Crear | Scout Cavalry |
| 16:06 | Crear | Villager (Male) |
| 16:15 | Construir | Stable |
| 16:20 | Crear | Scout Cavalry |
| 16:21 | Crear | Villager (Male) |
| 16:59 | Crear | Villager (Male) |
| 17:06 | Investigar | Bloodlines |
| 17:06 | Investigar | Bloodlines |
| 17:46 | Crear | Scout Cavalry |
| 17:47 | Crear | Scout Cavalry |
| 17:48 | Crear | Scout Cavalry |
| 17:49 | Crear | Scout Cavalry |
| 18:08 | Crear | Scout Cavalry |
| 18:17 | Construir | Farm |
| 18:18 | Construir | Farm |
| 18:22 | Construir | Farm |
| 18:23 | Construir | Farm |
| 18:27 | Crear | Scout Cavalry |
| 18:34 | Construir | Farm |
| 18:35 | Construir | Farm |
| 18:39 | Construir | Farm |
| 18:44 | Crear | Villager (Male) |
| 18:47 | Crear | Villager (Male) |
| 18:49 | Construir | Lumber Camp |
| 19:39 | Crear | Scout Cavalry |
| 19:39 | Crear | Scout Cavalry |
| 19:40 | Crear | Scout Cavalry |
| 19:41 | Crear | Scout Cavalry |
| 19:48 | Crear | Scout Cavalry |
| 20:03 | Crear | Scout Cavalry |
| 20:04 | Crear | Scout Cavalry |
| 20:14 | Crear | Villager (Male) |
| 20:19 | Construir | Mill |
| 20:20 | Construir | Farm |
| 20:21 | Construir | Farm |
| 20:22 | Construir | Farm |
| 20:23 | Construir | Farm |
| 20:28 | Crear | Villager (Male) |
| 20:28 | Crear | Villager (Male) |
| 20:32 | Construir | Farm |
| 20:43 | Crear | Scout Cavalry |
| 20:43 | Crear | Scout Cavalry |
| 20:52 | Crear | Villager (Male) |
| 20:52 | Crear | Villager (Male) |
| 20:54 | Construir | Farm |
| 20:55 | Construir | Farm |
| 21:19 | Crear | Scout Cavalry |
| 21:20 | Crear | Scout Cavalry |
| 21:20 | Crear | Villager (Male) |
| 21:26 | Crear | Villager (Male) |
| 21:33 | Construir | Farm |
| 21:36 | Construir | Farm |
| 22:12 | Crear | Villager (Male) |
| 22:13 | Crear | Scout Cavalry |
| 22:13 | Crear | Scout Cavalry |
| 22:14 | Crear | Villager (Male) |
| 22:14 | Crear | Villager (Male) |
| 22:15 | Crear | Villager (Male) |
| 22:55 | Construir | Farm |
| 22:56 | Construir | Farm |
| 23:32 | Investigar | Castle Age |
| 23:32 | Investigar | Castle Age |
Build order — 杨吉光
131 acciones detectadas en el replay
| 0:01 | Crear | Villager (Male) |
| 0:01 | Crear | Villager (Male) |
| 0:02 | Crear | Villager (Male) |
| 0:03 | Construir | House |
| 0:03 | Construir | House |
| 0:05 | Construir | House |
| 0:56 | Crear | Villager (Male) |
| 1:18 | Crear | Villager (Male) |
| 1:50 | Crear | Villager (Male) |
| 2:45 | Crear | Villager (Male) |
| 2:45 | Crear | Villager (Male) |
| 2:45 | Crear | Villager (Male) |
| 3:25 | Crear | Villager (Male) |
| 3:46 | Crear | Villager (Male) |
| 3:48 | Crear | Villager (Male) |
| 3:48 | Crear | Villager (Male) |
| 4:13 | Crear | Villager (Male) |
| 5:20 | Crear | Villager (Male) |
| 5:20 | Crear | Villager (Male) |
| 6:05 | Crear | Villager (Male) |
| 6:15 | Construir | Mill |
| 6:24 | Construir | House |
| 6:34 | Crear | Villager (Male) |
| 6:38 | Investigar | Loom |
| 6:56 | Investigar | Feudal Age |
| 7:34 | Construir | Barracks |
| 7:44 | Construir | Palisade Wall |
| 8:21 | Construir | Palisade Wall |
| 8:22 | Construir | Palisade Wall |
| 8:27 | Construir | House |
| 9:13 | Edad | Edad Feudal |
| 9:17 | Construir | Stable |
| 9:19 | Crear | Spearman |
| 9:19 | Crear | Spearman |
| 9:22 | Crear | Villager (Male) |
| 9:22 | Crear | Villager (Male) |
| 9:22 | Crear | Villager (Male) |
| 9:41 | Construir | Palisade Wall |
| 9:48 | Crear | Spearman |
| 10:06 | Crear | Scout Cavalry |
| 10:07 | Crear | Scout Cavalry |
| 10:20 | Crear | Villager (Male) |
| 10:22 | Construir | Archery Range |
| 10:31 | Construir | House |
| 10:46 | Crear | Scout Cavalry |
| 10:49 | Crear | Villager (Male) |
| 11:02 | Construir | House |
| 11:13 | Crear | Scout Cavalry |
| 11:14 | Crear | Scout Cavalry |
| 11:40 | Construir | Farm |
| 11:44 | Construir | Farm |
| 11:45 | Construir | Farm |
| 12:00 | Crear | Villager (Male) |
| 12:27 | Crear | Villager (Male) |
| 12:30 | Construir | Farm |
| 12:31 | Construir | Farm |
| 12:44 | Crear | Scout Cavalry |
| 13:09 | Crear | Scout Cavalry |
| 13:23 | Crear | Villager (Male) |
| 13:23 | Crear | Villager (Male) |
| 13:27 | Construir | Farm |
| 13:29 | Crear | Skirmisher |
| 13:29 | Crear | Skirmisher |
| 13:39 | Crear | Villager (Male) |
| 13:59 | Crear | Villager (Male) |
| 14:19 | Crear | Scout Cavalry |
| 14:21 | Crear | Villager (Male) |
| 14:25 | Construir | Farm |
| 14:28 | Construir | Farm |
| 14:58 | Crear | Scout Cavalry |
| 15:00 | Crear | Skirmisher |
| 15:00 | Crear | Skirmisher |
| 15:07 | Construir | Blacksmith |
| 15:35 | Crear | Scout Cavalry |
| 15:37 | Crear | Skirmisher |
| 15:38 | Crear | Skirmisher |
| 15:43 | Construir | House |
| 15:46 | Construir | House |
| 16:01 | Crear | Archer |
| 16:01 | Crear | Archer |
| 16:20 | Crear | Skirmisher |
| 16:20 | Crear | Skirmisher |
| 16:32 | Crear | Skirmisher |
| 16:33 | Crear | Skirmisher |
| 16:42 | Investigar | Padded Archer Armor |
| 16:51 | Crear | Skirmisher |
| 16:51 | Crear | Skirmisher |
| 16:56 | Crear | Scout Cavalry |
| 16:56 | Crear | Scout Cavalry |
| 17:29 | Crear | Villager (Male) |
| 17:29 | Crear | Villager (Male) |
| 17:32 | Construir | Farm |
| 17:32 | Construir | Farm |
| 17:32 | Construir | Farm |
| 17:32 | Construir | Farm |
| 17:32 | Construir | Farm |
| 17:33 | Construir | Farm |
| 17:33 | Construir | Farm |
| 17:33 | Construir | Farm |
| 17:43 | Crear | Scout Cavalry |
| 18:54 | Crear | Scout Cavalry |
| 18:54 | Crear | Scout Cavalry |
| 19:00 | Crear | Villager (Male) |
| 19:00 | Crear | Villager (Male) |
| 19:04 | Construir | Farm |
| 19:06 | Construir | Farm |
| 19:07 | Construir | Farm |
| 19:34 | Crear | Skirmisher |
| 19:37 | Crear | Scout Cavalry |
| 19:42 | Construir | Farm |
| 19:43 | Construir | Farm |
| 19:48 | Construir | House |
| 19:49 | Construir | House |
| 19:54 | Construir | Mule Cart |
| 19:55 | Crear | Villager (Male) |
| 19:55 | Crear | Villager (Male) |
| 20:24 | Crear | Scout Cavalry |
| 20:26 | Crear | Villager (Male) |
| 20:26 | Crear | Villager (Male) |
| 21:17 | Crear | Villager (Male) |
| 21:21 | Construir | House |
| 21:22 | Construir | House |
| 21:52 | Investigar | Fletching |
| 22:04 | Crear | Skirmisher |
| 22:04 | Crear | Skirmisher |
| 23:16 | Construir | House |
| 23:19 | Construir | Stone Wall |
| 23:54 | Construir | House |
| 23:56 | Construir | House |
| 23:59 | Construir | House |
| 24:48 | Investigar | Castle Age |
Cronología de la partida
| 2:33 | Zionic · wall_segment Palisade Wall x1 |
| 2:44 | Zionic · wall_segment Palisade Wall x1 |
| 2:48 | Zionic · wall_segment Palisade Wall x1 |
| 2:51 | Zionic · wall_segment Palisade Wall x1 |
| 2:55 | Zionic · wall_segment Palisade Wall x1 |
| 3:04 | Zionic · wall_segment Palisade Wall x1 |
| 3:07 | Zionic · wall_segment Palisade Wall x1 |
| 3:14 | Zionic · wall_segment Palisade Wall x1 |
| 3:16 | Zionic · wall_segment Palisade Wall x1 |
| 3:20 | Zionic · wall_segment Palisade Wall x1 |
| 3:25 | Zionic · wall_segment Palisade Wall x1 |
| 3:29 | Zionic · wall_segment Palisade Wall x1 |
| 3:31 | Zionic · wall_segment Palisade Wall x1 |
| 3:34 | Zionic · wall_segment Palisade Wall x1 |
| 3:37 | Zionic · wall_segment Palisade Wall x1 |
| 3:39 | Zionic · wall_segment Palisade Wall x1 |
| 3:41 | Zionic · wall_segment Palisade Wall x1 |
| 3:43 | Zionic · wall_segment Palisade Wall x1 |
| 3:47 | Zionic · wall_segment Palisade Wall x1 |
| 3:49 | Zionic · wall_segment Palisade Wall x1 |
| 3:52 | Zionic · wall_segment Palisade Wall x1 |
| 3:55 | Zionic · wall_segment Palisade Wall x1 |
| 4:03 | Saraiva · wall_segment Palisade Wall x1 |
| 4:05 | Saraiva · wall_segment Palisade Wall x1 |
| 7:18 | 菜菜虎 · first_building Barracks |
| 7:27 | Ace_Golden_Horse · first_building Barracks |
| 7:30 | Thundernips, The Ultimate Gigolo · first_building Barracks |
| 7:34 | 杨吉光 · first_building Barracks |
| 7:44 | 杨吉光 · wall_segment Palisade Wall x1 |
| 7:45 | Saraiva · first_building Barracks |
| 7:54 | 菜就多练 · first_building Barracks |
| 8:21 | 杨吉光 · wall_segment Palisade Wall x1 |
| 8:22 | 杨吉光 · wall_segment Palisade Wall x1 |
| 8:35 | Zionic · first_building Barracks |
| 8:51 | 菜就多练 · age_up feudal |
| 8:52 | 菜菜虎 · age_up feudal |
| 8:53 | Thundernips, The Ultimate Gigolo · age_up feudal |
| 8:54 | 菜就多练 · first_building Archery Range |
| 8:55 | 菜菜虎 · first_building Stable |
| 8:55 | Thundernips, The Ultimate Gigolo · first_building Archery Range |
| 8:56 | Ace_Golden_Horse · age_up feudal |
| 8:57 | Saraiva · age_up feudal |
| 9:00 | Ace_Golden_Horse · first_building Archery Range |
| 9:03 | Saraiva · first_building Stable |
| 9:13 | 张世豪 · first_building Barracks |
| 9:13 | 杨吉光 · age_up feudal |
| 9:17 | 杨吉光 · first_building Stable |
| 9:23 | Thundernips, The Ultimate Gigolo · wall_segment Palisade Wall x15 |
| 9:24 | Zionic · age_up feudal |
| 9:26 | Thundernips, The Ultimate Gigolo · wall_segment Palisade Wall x8 |
| 9:30 | 张世豪 · wall_segment Palisade Wall x5 |
| 9:35 | Thundernips, The Ultimate Gigolo · wall_segment Palisade Wall x10 |
| 9:37 | Zionic · first_building Stable |
| 9:41 | 杨吉光 · wall_segment Palisade Wall x6 |
| 9:46 | 菜就多练 · wall_segment Palisade Wall x1 |
| 9:52 | Thundernips, The Ultimate Gigolo · wall_segment Palisade Wall x6 |
| 10:13 | Thundernips, The Ultimate Gigolo · wall_segment Palisade Wall x1 |
| 10:17 | Thundernips, The Ultimate Gigolo · wall_segment Palisade Wall x1 |
| 10:18 | Zionic · wall_segment Palisade Wall x1 |
| 10:22 | 杨吉光 · first_building Archery Range |
| 10:25 | 张世豪 · wall_segment Palisade Wall x6 |
| 10:44 | 张世豪 · wall_segment Palisade Wall x23 |
| 10:50 | 菜就多练 · wall_segment Palisade Wall x1 |
| 10:51 | 菜就多练 · wall_segment Palisade Wall x1 |
| 11:01 | 张世豪 · age_up feudal |
| 11:04 | Zionic · wall_segment Palisade Wall x5 |
| 11:06 | Zionic · wall_segment Palisade Wall x9 |
| 11:20 | Zionic · wall_segment Palisade Wall x7 |
| 11:28 | Zionic · wall_segment Palisade Wall x10 |
| 12:29 | Zionic · wall_segment Palisade Wall x13 |
| 12:41 | Ace_Golden_Horse · wall_segment Palisade Wall x7 |
| 14:51 | Ace_Golden_Horse · wall_segment Palisade Wall x4 |
| 15:01 | Thundernips, The Ultimate Gigolo · wall_segment Palisade Wall x13 |
| 15:06 | Thundernips, The Ultimate Gigolo · wall_segment Palisade Wall x11 |
| 16:08 | Ace_Golden_Horse · wall_segment Palisade Wall x5 |
| 16:25 | 菜就多练 · wall_segment Palisade Wall x15 |
| 17:04 | Thundernips, The Ultimate Gigolo · wall_segment Palisade Wall x13 |
| 18:44 | Ace_Golden_Horse · wall_segment Palisade Wall x5 |
| 19:06 | Saraiva · wall_segment Palisade Wall x5 |
| 19:12 | Saraiva · wall_segment Palisade Wall x4 |
| 19:15 | Saraiva · wall_segment Palisade Wall x2 |
| 19:28 | Thundernips, The Ultimate Gigolo · wall_segment Palisade Wall x5 |
| 20:53 | Saraiva · age_up castle |
| 20:59 | Thundernips, The Ultimate Gigolo · wall_segment Palisade Wall x22 |
| 22:30 | 菜就多练 · wall_segment Palisade Wall x14 |
| 22:35 | Zionic · age_up castle |
| 23:19 | 杨吉光 · wall_segment Stone Wall x1 |
| 23:46 | Thundernips, The Ultimate Gigolo · first_market_buy 100 food |
| 23:49 | Thundernips, The Ultimate Gigolo · first_market_sell 100 wood |
| 23:57 | Ace_Golden_Horse · age_up castle |
| 26:02 | 张世豪 · resign |
| 26:12 | 菜菜虎 · age_up castle |
| 26:17 | 菜就多练 · age_up castle |
| 26:35 | Thundernips, The Ultimate Gigolo · age_up castle |
[ ANÁLISIS IA · 1 CRÉDITO ]
¿Qué pasó realmente en esta partida?
Wolo.gg analiza cada decisión: build order, eco, micro, errores típicos por bracket. Análisis personalizado por WhatsApp o Discord en 30 segundos.
Guía civ
Vikingos
Perfil
Jugador #1208243